 Dungeon Crawl Stone Soup version 0.13.0-21-ge43020b (webtiles) character file.

362 Kae the Sneak (level 5, -1/24 HPs)
             Began as a Spriggan Enchanter on Oct 26, 2013.
             Slain by Grinder (5 damage)
             ... while paralysed by Grinder
             ... on Level 3 of the Dungeon.
             The game lasted 00:07:40 (2764 turns).

Kae the Sneak (Spriggan Enchanter)                  Turns: 2764, Time: 00:07:40

HP  -1/24        AC  3     Str  5      XL: 5   Next: 89%
MP   0/15        EV  4     Int 17      God:
Gold 110         SH  0     Dex 16      Spells:  3 memorised,  4 levels left

Res.Fire  : . . .   See Invis. : +   a - +2,+1 dagger {=f}
Res.Cold  : . . .   Warding    : .   x - +1 robe (curse)
Life Prot.: . . .   Conserve   : .   (shield restricted)
Res.Poison: .       Res.Corr.  : .   (helmet restricted)
Res.Elec. : .       Clarity    : .   (no cloak)
Sust.Abil.: . .     Spirit.Shd : +   (gloves unavailable)
Res.Mut.  : .       Stasis     : .   (boots unavailable)
Res.Rott. : .       Flight     : .   y - amulet of guardian spirit
Saprovore : . . .                    (no ring)
                                     (no ring)

@: paralysed, very quick, somewhat resistant to hostile enchantments, very
stealthy
A: unfitting armour, see invisible, herbivore 3, speed 3, slow metabolism 2
a: no special abilities


You were on level 3 of the Dungeon.
You were not hungry.

You visited 1 branch of the dungeon, and saw 3 of its levels.

You collected 90 gold pieces.

Inventory:

Hand weapons
 a - a +2,+1 dagger (weapon) {=f}
Missiles
 d - 43 darts (quivered)
Armour
 b - a +1 robe
 x - a cursed +1 robe (worn)
Comestibles
 f - a pear
 j - an apricot
 k - 5 bread rations
Scrolls
 m - a scroll of teleportation
 n - a scroll of curse weapon {unknown}
 p - 2 scrolls of blinking {unknown}
 s - 2 scrolls of remove curse {unknown}
 t - a scroll of random uselessness {unknown}
 z - 2 scrolls of fog {unknown}
Jewellery
 g - an uncursed ring of magical power {unknown}
 h - an uncursed ring of sustenance {unknown}
 y - an amulet of guardian spirit (around neck)
Potions
 e - a potion of curing
 o - a potion of brilliance {unknown}
 q - a potion of flight {unknown}
 r - a potion of beneficial mutation {unknown}
 u - a potion of might {unknown}
 v - a potion of heal wounds {unknown}
 w - a potion of poison {unknown}
Books
 c - a book of Maledictions

   Spells                             Type                      Level
   *Corona                            Hexes                        1
   Sure Blade                         Hexes/Charms                 2
   *Ensorcelled Hibernation           Hexes/Ice                    2
   *Confuse                           Hexes                        3
   Enslavement                        Hexes                        4
   Invisibility                       Hexes                        6


   Skills:
 * Level 3.7 Short Blades
 - Level 1.1 Throwing
 - Level 3.0 Dodging
 * Level 6.3 Stealth
 + Level 3.1 Spellcasting
 + Level 4.5 Hexes


You had 4 spell levels left.
You knew the following spells:

 Your Spells              Type           Power        Failure   Level  Hunger
a - Corona                Hex            ###....      2%          1    None
b - Ensorcelled Hibernat  Hex/Ice        ##....       12%         2    ##.....
c - Confuse               Hex            ###.....     10%         3    ###....


Dungeon Overview and Level Annotations

Branches:
Dungeon (3/27)

Altars:
Elyvilon
Kikubaaqudgha
Trog

Annotations:
D:3 exclusion: orc priest, Grinder


Innate Abilities, Weirdness & Mutations

You are tiny and cannot use many weapons and most armour.
You have supernaturally acute eyesight.
You are a herbivore.
You cover ground extremely quickly.
You need consume almost no food.


Message History

You hit Grinder but do no damage. You hit Grinder but do no damage.
You hit Grinder but do no damage. You hit Grinder but do no damage.
You hit Grinder.
Grinder is lightly wounded.
Grinder seems less confused.
Grinder hits you!
* * * LOW HITPOINT WARNING * * *
Grinder gestures at you.
You suddenly lose the ability to move!
Grinder hits you.
* * * LOW HITPOINT WARNING * * *
You writhe in agony.
A jackal comes into view.
The jackal moves out of view.
Grinder barely misses you.
The jackal barks!
Grinder hits you.
* * * LOW HITPOINT WARNING * * *
You writhe in agony.
You die...

.....# #.#.## ##..... .....#
#.#..## ###....#
############(....####+## #......#
...............%..##...####.....#
.############......##.##.##.....#
.# ##......)..#.#..'..#.###
.#########....##...#.....####.#
.........'...)'.._...'h..+ >.
.#########....##@..###...# ### .#
##....5##.# #...# '## #.....'..#
##### 5.# #.....####
..#########.#'### ............#.#
+#(.........#.# ........5.....#
.##.##.######.#


You could see Grinder and a jackal.

Vanquished Creatures
  Sigmund (D:2)
  2 orc priests (D:3)
  5 adders
  4 giant geckos
  5 oozes
  8 orcs (D:3)
  A ball python (D:1)
  3 giant cockroaches
  4 hobgoblins
  4 jackals (D:3)
  6 bats
  5 giant newts
  3 goblins
  6 kobolds
  5 rats
62 creatures vanquished.

Notes
Turn   | Place    | Note
--------------------------------------------------------------
     0 | D:1      | Kae, the Spriggan Enchanter, began the quest for the Orb.
     0 | D:1      | Reached XP level 1. HP: 9/9 MP: 4/4
   137 | D:1      | Reached XP level 2. HP: 10/13 MP: 6/6
   141 | D:1      | Learned a level 2 spell: Ensorcelled Hibernation
   489 | D:1      | Reached skill level 4 in Stealth
   892 | D:2      | Reached XP level 3. HP: 16/16 MP: 9/9
  1142 | D:2      | Found a white marble altar of Elyvilon.
  1254 | D:2      | Reached XP level 4. HP: 21/21 MP: 12/12
  1454 | D:2      | Noticed Sigmund
  1597 | D:2      | Killed Sigmund
  1597 | D:2      | Reached skill level 5 in Stealth
  1597 | D:2      | Reached XP level 5. HP: 22/24 MP: 0/15
  1788 | D:3      | Found a bloodstained altar of Trog.
  1937 | D:3      | Noticed Grinder
  2101 | D:3      | Learned a level 3 spell: Confuse
  2115 | D:3      | Found an ancient bone altar of Kikubaaqudgha.
  2316 | D:3      | Reached skill level 6 in Stealth
  2600 | D:3      | Paralysed by Grinder for 2 turns
  2759 | D:3      | Paralysed by Grinder for 7 turns
  2764 | D:3      | Slain by Grinder

Action                   |  1- 3 |  4- 6 || total
-------------------------+-------+-------++-------
Melee: Dagger            |   144 |    92 ||   236
 Cast: Corona            |     4 |       ||     4
       Ensorcelled Hiber |    10 |    27 ||    37
       Confuse           |       |    11 ||    11
  Use: Scroll            |       |     4 ||     4
       Potion            |       |     2 ||     2
 Stab: Sleeping          |    14 |    20 ||    34
       Confused          |       |     2 ||     2
       Distracted        |       |     1 ||     1
